 Dungeon Crawl Stone Soup version 0.32-a0-825-g0e82a10 (webtiles) character file.

Game seed: 6294037629781732428

1920 brinewave the Firebug (level 9, -14/59 HPs)
             Began as an Octopode Fire Elementalist on Mar 24, 2024.
             Demolished by an ogre
             ... wielding a +0 giant club
              (15 damage)
             ... on level 7 of the Dungeon.
             The game lasted 00:27:56 (8324 turns).

brinewave the Firebug (Octopode Fire Elementalist)  Turns: 8324, Time: 00:27:57

Health: -14/59     AC:  5    Str:  7    XL:     9   Next: 17%
Magic:  12/16      EV: 13    Int: 28    God:
Gold:   132        SH:  0    Dex: 12    Spells: 9/17 levels left

rFire   . . .        z - +4 dagger (flame)
rCold   . . .        (no shield)
rNeg    + . .        (helmet restricted)
rPois   .            (no amulet)
rElec   .            n - +4 ring of protection
rCorr   .            f - ring of willpower
SInv    .            s - +6 ring of intelligence
Will    +....        A - ring of positive energy
Stlth   +++          (no ring)
HPRegen 0.29/turn    (no ring)
MPRegen 0.15/turn    (no ring)
                     (no ring)

%: no passive effects
@: about to teleport
A: almost no armour, amphibious, 8 rings, camouflage 1, gelatinous body 1,
(nimble swimmer 1), tentacles
a: no special abilities


You were on level 7 of the Dungeon.
You visited 1 branch of the dungeon, and saw 7 of its levels.

You collected 312 gold pieces.
You spent 180 gold pieces at shops.

Inventory:

Hand Weapons
 h - a +0 dagger of protection
 z - a +4 dagger of flaming (weapon)
 E - a +1 rapier of speed
Missiles
 b - 7 poisoned darts
 p - 4 curare-tipped darts
 y - 6 boomerangs
 B - a throwing net
Magical Staves
 w - a staff of alchemy
Jewellery
 f - a ring of willpower (right tentacle)
 n - a +4 ring of protection (left tentacle)
 s - a +6 ring of intelligence (on tentacle)
 A - a ring of positive energy (on tentacle)
Talismans
 t - a maw talisman
Wands
 x - a wand of flame (34)
 D - a wand of digging (6)
 F - a wand of iceblast (14)
Scrolls
 c - a scroll of vulnerability {unknown}
 j - a scroll of teleportation
 l - a scroll of fog {unknown}
 o - a scroll of noise {unknown}
 r - a scroll of revelation {unknown}
 C - 2 scrolls of blinking
Potions
 a - a potion of magic
 e - 2 potions of haste
 i - a potion of lignification
 k - a potion of might
 m - 4 potions of curing
 q - 4 potions of mutation
 u - 2 potions of brilliance
 v - 3 potions of enlightenment


   Skills:
 + Level 4.6 Fighting
 + Level 5.2 Dodging
 - Level 2.6 Stealth
 + Level 4.8 Spellcasting
 + Level 4.8 Conjurations
 + Level 5.7 Fire Magic
 - Level 3.3 Shapeshifting


You had 9 spell levels left.
You knew the following spells:

 Your Spells              Type           Power      Damage    Failure   Level
a - Foxfire               Conj/Fire      100%       2x1d9     1%          1
b - Scorch                Fire           76%        2d8       1%          2
c - Sting                 Conj/Alch      80%        1d8       2%          1
d - Flame Wave            Conj/Fire      36%        2d10      8%          4

Your spell library contained the following spells:

 Spells                   Type           Power      Damage    Failure   Level
 Inner Flame              Hex/Fire       22%        N/A       6%          3
 Volatile Blastmotes      Fire/Tloc      44%        2d13      6%          3
 Ensorcelled Hibernation  Hex/Ice        12%        N/A       11%         2
 Mercury Vapours          Alch/Air       12%        N/A       11%         2
 Passwall                 Erth           6%         N/A       21%         3
 Swiftness                Air            6%         N/A       21%         3
 Ignite Poison            Fire/Alch      22%        N/A       22%         4
 Sticky Flame             Fire/Alch      22%        2d6       22%         4
 Olgreb's Toxic Radiance  Alch           6%         N/A       56%         4
 Ignition                 Fire           19%        3d7       100%        8


Dungeon Overview and Level Annotations

Branches:
Dungeon (7/15)
 Temple: D:4-7

Altars:
Gozag
Yredelemnul
Zin

Shops:
D:3 !   D:4 :

Annotations:
D:7 3 runed translucent doors, Lovepenguin's ghost, novice DgCj


Innate Abilities, Weirdness & Mutations

You cannot wear most types of armour.
You are amphibious.
You can wear up to eight rings at the same time.
Your skin changes colour to match your surroundings (Stealth+).
Your rubbery body absorbs attacks. (AC +1, EV +1)
((You are camouflaged when in or above water. (Stealth+)))
You have tentacles for arms and can constrict up to eight enemies at once.


Message History

You conjure some foxfire!
You feel very sick.
The foxfire hits the orc but does no damage.
The water moccasin barely misses you.
You feel very sick.
The foxfire hits the orc.
The orc is severely wounded.
The water moccasin attacks as it pursues you!
The water moccasin bites you but does no damage.
The orc priest invokes the aid of Beogh against you.
Beogh smites you!
* * * LOW HITPOINT WARNING * * *
The water moccasin bites you!
* * * LOW HITPOINT WARNING * * *
You are more poisoned.
The water moccasin poisons you!
You feel better. The water moccasin misses you.
Okay, then.
As you read the scroll of teleportation, it crumbles to dust.
You feel strangely unstable. The water moccasin bites you.
* * * LOW HITPOINT WARNING * * *
As you read the scroll of fear, it crumbles to dust.
You assume a fearsome visage.
The orc looks frightened!
The orc priest looks frightened!
The orc looks frightened!
The water moccasin looks frightened!
Your surroundings suddenly seem different.
An ogre and 4 killer bees come into view.
Found a basalt altar of Yredelemnul.
The killer bee moves out of view.
As you read the scroll of teleportation, it crumbles to dust.
You feel strangely unstable.
The killer bee buzzes angrily. x2; The ogre shouts!
The killer bee stings you!
* * * LOW HITPOINT WARNING * * *
The killer bee stings you but does no damage.
The killer bee buzzes angrily.
The killer bee attacks as it pursues you!
The killer bee stings you!
* * * LOW HITPOINT WARNING * * *
The ogre attacks as it pursues you! The ogre hits you with a +0 giant club!
You die...

#########
##...#...##
##....y....#
#_.O.y......
#@y.y.....#
##...#...#
##### #


You could see an ogre and 4 killer bees.

Vanquished Creatures
  Eustachio (D:6)
  2 ice beasts
  An orc warrior (D:7)
  A black bear (D:6)
  2 centaurs
  An ogre (D:5)
  3 phantoms (D:5)
  2 scorpions
  A howler monkey (D:7)
  3 bombardier beetles
  3 hounds
  2 jellies
  An orc priest (D:5)
  Jessica (D:2)
  4 iguanas
  A sleepcap (D:6)
  Natasha (thrice) (D:4)
  Robin (D:2)
  6 adders
  6 gnolls
  A shadow imp (D:6)
  2 white imps (D:5)
  2 ufetubi (D:6)
  3 dart slugs
  3 ribbon worms
  16 orcs
  8 bats
  6 endoplasms
  5 giant cockroaches
  12 goblins
  10 hobgoblins
  5 quokkas
  7 ball pythons
  4 frilled lizards
  8 kobolds
  5 rats
142 creatures vanquished.

Vanquished Creatures (others)
  543 foxfires
543 creatures vanquished.

Grand Total: 685 creatures vanquished

Notes
Turn   | Place    | Note
-------+----------+-------------------------------------------
     0 | D:1      | brinewave the Octopode Fire Elementalist began the quest
                  | for the Orb.
     0 | D:1      | Reached XP level 1. HP: 11/11 MP: 3/3
   111 | D:1      | Reached XP level 2. HP: 18/18 MP: 0/5
   477 | D:1      | Reached XP level 3. HP: 22/22 MP: 4/6
   567 | D:1      | Reached skill level 1 in Fighting
  1405 | D:2      | Reached XP level 4. HP: 28/28 MP: 3/7
  1611 | D:2      | Found a faded altar of an unknown god.
  1620 | D:2      | Learned a level 2 spell: Scorch
  1869 | D:2      | Noticed Jessica
  1876 | D:2      | Killed Jessica
  1933 | D:2      | Noticed Robin
  1966 | D:2      | Killed Robin
  1967 | D:2      | Reached XP level 5. HP: 21/34 MP: 0/9
  3068 | D:3      | Found Ycwemaikh's Distillery.
  3076 | D:3      | Bought a potion of curing for 30 gold pieces
  3076 | D:3      | Bought a potion of brilliance for 40 gold pieces
  3076 | D:3      | Bought a potion of enlightenment for 50 gold pieces
  3980 | D:4      | Reached XP level 6. HP: 10/39 MP: 2/10
  3987 | D:4      | HP: 1/39 [poisoned by a scorpion]
  4323 | D:4      | Reached skill level 1 in Shapeshifting
  4349 | D:4      | Found Toskelut's Vocational Training.
  4350 | D:4      | Noticed Natasha
  4358 | D:4      | Killed Natasha
  4652 | D:4      | Learned a level 1 spell: Sting
  4832 | D:4      | Noticed Natasha
  4837 | D:4      | Killed Natasha
  5035 | D:4      | Noticed Natasha
  5041 | D:4      | Killed Natasha
  5042 | D:4      | Reached XP level 7. HP: 41/45 MP: 8/12
  5096 | D:5      | Entered Level 5 of the Dungeon
  5179 | D:5      | Found a glowing silver altar of Zin.
  5311 | D:5      | HP: 2/46 [ogre/+0 giant club (14)]
  5845 | D:3      | Bought a potion of curing for 30 gold pieces
  5845 | D:3      | Bought a potion of curing for 30 gold pieces
  6027 | D:5      | Reached XP level 8. HP: 52/52 MP: 10/13
  6693 | D:5      | Reached skill level 5 in Fire Magic
  7018 | D:5      | Upgraded the game from 0.32-a0-818-gb728d02 to
                  | 0.32-a0-825-g0e82a10
  7208 | D:6      | Noticed Eustachio
  7219 | D:6      | Killed Eustachio
  7608 | D:6      | Reached XP level 9. HP: 33/59 MP: 1/15
  7815 | D:6      | Learned a level 4 spell: Flame Wave
  7824 | D:6      | Reached skill level 5 in Dodging
  8132 | D:7      | Found a runed translucent gate.
  8132 | D:7      | Found a runed translucent gate.
  8132 | D:7      | Found an opulent altar of Gozag.
  8132 | D:7      | Found a runed translucent gate.
  8132 | D:7      | Noticed a cyclops
  8132 | D:7      | Noticed Lovepenguin's ghost (novice DgCj)
  8315 | D:7      | HP: 2/59 [water moccasin (8)]
  8321 | D:7      | Found a basalt altar of Yredelemnul.
  8324 | D:7      | HP: 1/59 [killer bee (7)]
  8324 | D:7      | Demolished by an ogre

Illustrated notes

Levels and vault maps discovered:
D:1:      hellmonk_arrival_library, layout_basic, hangedman_decor_growths
D:2:      layout_loops_ring, chequers_ecumenical_altar_simple_redux,
          uniq_jessica, uniq_robin
D:3:      layout_basic, serial_shops, nicolae_shop_industrial_runoff
D:4:      layout_basic, nicolae_shop_vocational, uniq_natasha
D:5:      layout_loops_corners, mainiacjoe_overflow_alcove_2
D:6:      layout_basic, uniq_eustachio
D:7:      layout_loops_ring, marbit_many_paths, minmay_temple_entry_mist,
          ebering_ghost_gozag

Skill      XL: |  1  2  3  4  5  6  7  8  9 |
---------------+----------------------------+-----
Fighting       | 1 2 3 4 |  4.6
Conjurations   | 2 3 4 |  4.8
Dodging        | 3 4 5 |  5.2
Spellcasting   | 3 4 |  4.8
Fire Magic     | 4 5 |  5.7
Shapeshifting  | 1 2 3 |  3.3
Stealth        | |  2.6

Action                     |  1- 3 |  4- 6 |  7- 9 || total
---------------------------+-------+-------+-------++-------
  Melee: Unarmed           |       |     7 |       ||     7
         Constrict         |       |     3 |     4 ||     7
         Tentacles         |       |     2 |     6 ||     8
         Dagger            |       |       |    10 ||    10
   Cast: Foxfire           |    63 |   118 |   185 ||   366
         Scorch            |       |     1 |       ||     1
         Sting             |       |       |     4 ||     4
    Use: Scroll            |     3 |     3 |     7 ||    13
         Potion            |       |       |     3 ||     3
   Stab: Sleeping          |       |       |     2 ||     2
 Armour: Skin              |    17 |    55 |    85 ||   157
  Dodge: Dodged            |    26 |    73 |    82 ||   181

Table legend: (Time is in decaauts)
 A = Elapsed time spent in this place.
 B = Non-inter-level travel time spent in this place.
 C = Inter-level travel time spent in this place.
 D = Time resting spent in this place.
 E = Time spent auto-exploring this place.
 F = Levels seen in this place.
 G = Mean time per level.
                   A        B        C        D        E       F      G
               +--------+--------+--------+--------+--------+-----+--------+
         Total |   8322 |   7761 |    561 |    540 |   5730 |   7 | 1188.9 |
       Dungeon |   8322 |   7761 |    561 |    540 |   5730 |   7 | 1188.9 |
               +--------+--------+--------+--------+--------+-----+--------+

Top non-repeatable levels by time:
     D:5: 1710 daAuts
     D:4: 1467 daAuts
     D:1: 1298 daAuts
     D:3: 1232 daAuts
     D:2: 1199 daAuts
     D:6: 1169 daAuts
     D:7: 243 daAuts
